 Dungeon Crawl Stone Soup version 0.19-a0-1773-gaa448fe (webtiles) character file.

639 Dustbunny the Covert (level 7, -3/35 HPs)
             Began as a Spriggan Assassin on Oct 17, 2016.
             Was a Believer of Qazlal.
             Killed by divine providence
             ... invoked by an orc priest
              (10 damage)
             ... on level 5 of the Dungeon on Oct 18, 2016.
             The game lasted 00:47:26 (8065 turns).

Dustbunny the Covert (Spriggan Assassin)            Turns: 8065, Time: 00:47:27

Health: -3/35      AC:  5    Str:  8    XL:     7   Next: 26%
Magic:  8/8        EV: 20    Int: 12    God:    Qazlal [**....]
Gold:   217        SH:  3    Dex: 19    Spells: 0 memorised, 6 levels left

rFire  . . .     SeeInvis +     a - +5 dagger
rCold  . . .     Gourm    .     c - +1 robe
rNeg   . . .     Faith    .     (shield restricted)
rPois  .         Spirit   .     (helmet restricted)
rElec  .         Dismiss  .     d - +1 cloak
rCorr  .         Reflect  .     (gloves unavailable)
MR     +....     Harm     .     (boots unavailable)
Stlth  +++.......               (no amulet)
                                (no ring)
                                (no ring)

@: very quick
A: unfitting armour, see invisible, herbivore 3, speed 3, slow metabolism 2
a: Upheaval, Renounce Religion


You were on level 5 of the Dungeon.
You worshipped Qazlal.
Qazlal was pleased with you.
You were not hungry.

You visited 1 branch of the dungeon, and saw 5 of its levels.

You collected 217 gold pieces.

Inventory:

Hand Weapons
 a - a +5 dagger (weapon)
 b - a +0 blowgun
 e - a cursed -2 hunting sling
 g - a +1 antimagic trident
 j - a +0 dagger of venom
 n - a +0 falchion
 A - a +0 rapier
Missiles
 f - 2 curare-tipped needles
 i - 35 bolts
 k - 98 stones
 l - 17 sling bullets
 m - 79 arrows
 w - 8 poisoned needles
 x - a large rock (quivered)
 B - 5 tomahawks
Armour
 c - a +1 robe (worn)
 d - a +1 cloak (worn)
Jewellery
 z - a cursed ring of loudness {unknown}
Wands
 p - a wand of acid (5/15)
Scrolls
 h - 2 scrolls of teleportation
 o - 2 scrolls of immolation
 u - 3 scrolls of remove curse
Potions
 q - a potion of heal wounds
 r - a potion of might
 s - a potion of ambrosia
 t - a potion of cancellation {unknown}
 v - a potion of invisibility
Comestibles
 C - a bread ration


   Skills:
 + Level 2.3 Fighting
 + Level 4.5 Short Blades
 + Level 5.2 Throwing
 + Level 4.2 Dodging
 + Level 8.0 Stealth


You had 6 spell levels left.
You didn't know any spells.

Dungeon Overview and Level Annotations

Branches:
Dungeon (5/15)             Temple (0/1) D:4

Altars:
Elyvilon
Okawaru
Qazlal


Innate Abilities, Weirdness & Mutations

You are very small and have problems with some larger weapons.
You are too small for most types of armour.
You have supernaturally acute eyesight. (SInv)
You are a herbivore.
You cover ground extremely quickly.
You need consume almost no food.


Message History

The orc priest is severely wounded.
The orc priest invokes the aid of Beogh against you.
Beogh smites you!
You hit the orc priest but do no damage.
The orc priest is severely wounded.
The orc priest completely misses you.
You closely miss the orc priest.
The orc priest is severely wounded.
The orc priest invokes the aid of Beogh against you.
You resist with significant effort.
The orc priest calls down the wrath of Beogh upon you.
Beogh smites you!
* * * LOW HITPOINT WARNING * * *
Tossing away (i - inventory. (,) - cycle):
x - a large rock (quivered)
Press: ? - help, Shift-Dir - straight line, f/p - orc priest
Aim: an orc priest, wielding a short sword and wearing a chain mail (severely wounded)
Okay, then.
The orc priest invokes the aid of Beogh against you.
Beogh smites you!
You die...

###### #..... #.#### #######
#.....
################.....#########
....(oooo....@........%.....##
#..Y############.....######.##
# .>................. #.##
###########......## #.##
.........# #.##
###......<#.#.#.
######........ #.#.♣.♣.#
........


You could see an orc priest and 2 orcs.

Vanquished Creatures
  2 ogres (D:4)
  A scorpion (D:4)
  A hound (D:4)
  2 orc wizards
  3 worker ants (D:4)
  A hound zombie (D:5)
  Robin (D:3)
  10 adders
  2 adder skeletons
  4 dart slugs
  4 worms
  3 leopard geckos
  18 orcs
  2 ball pythons
  A giant cockroach (D:1)
  20 goblins
  7 hobgoblins
  4 jackals (D:5)
  2 quokkas
  A ball python skeleton (D:4)
  10 bats
  5 frilled lizards
  6 kobolds
  9 rats
119 creatures vanquished.

Notes
Turn   | Place    | Note
-------+----------+-------------------------------------------
     0 | D:1      | Dustbunny the Spriggan Assassin began the quest for the Orb.
     0 | D:1      | Reached XP level 1. HP: 10/10 MP: 2/2
    44 | D:1      | Reached skill level 6 in Stealth
   333 | D:1      | Reached XP level 2. HP: 12/14 MP: 3/3
  1347 | D:1      | Reached skill level 7 in Stealth
  1454 | D:1      | Reached XP level 3. HP: 14/18 MP: 4/4
  2407 | D:2      | Reached XP level 4. HP: 10/23 MP: 5/5
  2694 | D:2      | Found a white marble altar of Elyvilon.
  2759 | D:2      | Found a faded altar of an unknown god.
  2779 | D:2      | Became a worshipper of Qazlal Stormbringer
  2779 | D:2      | Reached * piety under Qazlal
  4071 | D:3      | Noticed Robin
  4152 | D:3      | Killed Robin
  4846 | D:3      | Reached XP level 5. HP: 17/26 MP: 6/6
  5463 | D:4      | Noticed an ogre
  5512 | D:4      | Killed an ogre
  5684 | D:4      | Reached ** piety under Qazlal
  5734 | D:4      | Reached XP level 6. HP: 21/30 MP: 7/7
  6106 | D:4      | Found a staircase to the Ecumenical Temple.
  7057 | D:4      | Reached XP level 7. HP: 28/35 MP: 8/8
  7637 | D:5      | Entered Level 5 of the Dungeon
  7668 | D:5      | Reached skill level 5 in Throwing
  7957 | D:5      | Found an iron altar of Okawaru.
  8004 | D:5      | Reached skill level 8 in Stealth
  8065 | D:5      | Killed from afar by an orc priest

Vault maps used:
D:1:      grunt_arrival_crossed_arrows, corexii_hall_statues_x
D:2:      marbit_many_paths, ecumenical_altar_2, minmay_vboxes
D:3:      uniq_robin
D:4:      first_bread, kennysheep_another_room, grunt_decor_cap,
          minmay_goblin_outpost
D:5:      okawaru_trees_1, chei_slow_surprise

Skill      XL: |  1  2  3  4  5  6  7 |
---------------+----------------------+-----
Stealth        | 6 7 8 |  8.0
Dodging        | 2 3 4 |  4.2
Short Blades   | 3 4 |  4.5
Fighting       | 2 |  2.3
Throwing       | 3 4 5 |  5.2

Action                   |  1- 3 |  4- 6 |  7- 9 || total
-------------------------+-------+-------+-------++-------
Melee: Dagger            |   113 |   158 |    94 ||   365
 Fire: Blowgun           |     4 |    21 |       ||    25
Throw: Stone             |    29 |   100 |       ||   129
  Use: Scroll            |     7 |     4 |     2 ||    13
       Potion            |       |       |     5 ||     5
 Stab: Sleeping          |     3 |       |       ||     3
       Invisible         |       |       |     4 ||     4
  Eat: Pizza             |       |     1 |       ||     1
       Bread ration      |       |     1 |       ||     1
Armor: Robe              |    39 |    11 |     8 ||    58
       Skin              |       |       |     3 ||     3
Dodge: Dodged            |   191 |   111 |    44 ||   346
Block: Other             |       |     9 |     9 ||    18
